 Dungeon Crawl Stone Soup version 0.21-a0-150-gc243083 (webtiles) character file.

44 Lunath the Ruffian (level 3, 13/31 HPs)
             Began as a Naga Transmuter on July 29, 2017.
             Quit the game on level 2 of the Dungeon.
             The game lasted 00:03:25 (1439 turns).

Lunath the Ruffian (Naga Transmuter)                Turns: 1439, Time: 00:03:26

Health: 13/31      AC:  2    Str: 12    XL:     3   Next: 60%
Magic:  0/6        EV: 10    Int: 14    God:
Gold:   47         SH:  0    Dex: 11    Spells: 0/6 levels left

rFire    . . .     SeeInvis +     - Unarmed
rCold    . . .     Gourm    .   (no shield)
rNeg     + . .     Faith    .   b - +0 robe
rPois    +         Spirit   .   (no helmet)
rElec    .         Reflect  .   (no cloak)
rCorr    .         Harm     .   (no gloves)
MR       .....                  (no barding)
Stlth    +.........             (no amulet)
HPRegen  0.10/turn              j - ring of positive energy
MPRegen  0.10/turn              (no ring)

@: very slightly contaminated, very slow
A: see invisible, deformed body, poison resistance, slowness 2, slow metabolism
1, spit poison 1, AC +1
a: Spit Poison


You were on level 2 of the Dungeon.
You were very hungry.

You visited 1 branch of the dungeon, and saw 2 of its levels.

You collected 47 gold pieces.

Inventory:

Missiles
 a - 35 arrows
Armour
 b - a +0 robe (worn)
Jewellery
 j - a ring of positive energy (left hand)
Scrolls
 e - a scroll of fog {unknown}
 h - 2 scrolls of recharging {unknown}
 k - a scroll of identify {unknown}
 m - a scroll of remove curse {unknown}
 p - a scroll of fear {unknown}
Potions
 g - a potion of mutation {unknown}
 i - a potion of might {unknown}
 n - 2 potions of magic {unknown}
Books
 c - a book of Changes

   Spells                             Type                      Level
   a - Beastly Appendage              Transmutation                1
   b - Sticks to Snakes               Transmutation                2
   c - Spider Form                    Transmutation/Poison         3
   d - Ice Form                       Ice/Transmutation            4
   e - Blade Hands                    Transmutation                5
Comestibles
 d - a bread ration
 f - 2 meat rations
 l - a royal jelly
 o - 4 fruits


   Skills:
 - Level 1.0 Fighting
 - Level 1.5 Dodging
 * Level 4.4 Unarmed Combat
 - Level 2.0 Spellcasting
 + Level 2.0 Transmutations


You couldn't memorise any spells.
You knew the following spells:

 Your Spells              Type           Power        Failure   Level  Hunger
a - Beastly Appendage     Tmut           #.....       11%         1    ##.....
b - Sticks to Snakes      Tmut           #.......     16%         2    ###....
c - Spider Form           Tmut/Pois      #.........   43%         3    ####...


Dungeon Overview and Level Annotations

Branches:
Dungeon (2/15)

Altars:


Innate Abilities, Weirdness & Mutations

You cannot wear boots.
Your serpentine skin is tough. (AC +1)
You have supernaturally acute eyesight. (SInv)
Armour fits poorly on your strangely shaped body.
Your system is resistant to poisons. (rPois)
You cover ground very slowly.
You have a slow metabolism.
You can spit poison.


Message History

You are very lightly contaminated with residual magic.
Your hands glow momentarily.
The goblin closely misses you.
Casting: Sticks to Snakes
Confirm with . or Enter, or press ? or * to list all spells.
You miscast Sticks to Snakes.
Your skin glows momentarily.
You are feeling very hungry.
The goblin barely misses you.
The goblin throws a stone.
The stone barely misses you.
The goblin throws a stone.
The stone hits you.
You see here 2 stones.
The goblin throws a stone.
The stone hits you but does no damage.
You see here a stone.
Casting: Sticks to Snakes
Confirm with . or Enter, or press ? or * to list all spells.
You create a snake!
You now have 35 arrows.
The hobgoblin hits your ball python with a club.
Your ball python dies!
Assign waypoint to what number? (0-9)
Okay, then.
Are you sure you want to abandon this character and quit the game? (Confirm with "yes".)

......#.......#### #.###
#.............# ....
#.............### #.$.
#.............##.# ...#
#..........##.# .o ..$#
#.............###.
o..#.#
############...##.#g8..#
##.#.##g# #.##@(#.#
#.####### #.. #.. ##..
##


You could see a hobgoblin and a goblin.

Vanquished Creatures
  An adder (D:2)
  A leopard gecko (D:1)
  An orc (D:2)
  3 bats (D:1)
  2 giant cockroaches
  4 goblins (D:1)
  7 hobgoblins
  3 kobolds
  3 frilled lizards
  6 rats
31 creatures vanquished.

Notes
Turn   | Place    | Note
-------+----------+-------------------------------------------
     0 | D:1      | Lunath the Naga Transmuter began the quest for the Orb.
     0 | D:1      | Reached XP level 1. HP: 18/18 MP: 3/3
   342 | D:1      | Reached XP level 2. HP: 20/25 MP: 5/5
   892 | D:1      | Reached skill level 4 in Unarmed Combat
   919 | D:1      | Reached XP level 3. HP: 8/31 MP: 4/6
  1330 | D:2      | Learned a level 2 spell: Sticks to Snakes
  1334 | D:2      | Learned a level 3 spell: Spider Form
  1439 | D:2      | Quit the game

Vault maps used:
D:1:      minmay_arrival_plants_in_alcoves, serial_glass, glass_columns_a,
          glass_columns_a
D:2:      guppyfry_early_orc_mine, uniq_jessica

Skill      XL: |  1  2 |
---------------+-------+-----
Unarmed Combat | 4 |  4.4
Fighting       | |  1.0
Dodging        | |  1.5
Spellcasting   | |  2.0
Transmutations | |  2.0

Action                   || total
-------------------------++-------
Melee: Unarmed           ||   107
       Punch             ||     1
       Headbutt          ||     1
 Cast: Beastly Appendage ||     1
       Sticks to Snakes  ||     1
 Stab: Sleeping          ||     1
Armor: Robe              ||     9
Dodge: Dodged            ||    54
